 Dungeon Crawl Stone Soup version 0.31-a0-319-g4fced400ed (webtiles) character file.

Game seed: 17559240141545622266

62 Newt the Trooper (level 3, -1/30 HPs)
             Began as a Demonspawn Gladiator on July 17, 2023.
             Slain by a quokka (3 damage)
             ... on level 2 of the Dungeon.
             The game lasted 00:01:18 (1009 turns).

Newt the Trooper (Demonspawn Gladiator)             Turns: 1009, Time: 00:01:18

Health: -1/30      AC:  4    Str: 16    XL:     3   Next: 85%
Magic:  3/3        EV: 12    Int:  9    God:
Gold:   59         SH:  0    Dex: 14    Spells: 2/2 levels left

rFire   . . .        a - +0 rapier
rCold   . . .        (no shield)
rNeg    . . .        b - +0 leather armour
rPois   .            c - +0 helmet
rElec   .            (no cloak)
rCorr   .            (no gloves)
SInv    .            (no boots)
Will    .....        (no amulet)
Stlth   +            (no ring)
HPRegen 0.25/turn    (no ring)
MPRegen 0.08/turn

%: no passive effects
@: no status effects
A: ignite blood 1, demonic touch 1
a: no special abilities


You were on level 2 of the Dungeon.
You visited 1 branch of the dungeon, and saw 2 of its levels.

You collected 59 gold pieces.

Inventory:

Hand Weapons
 a - a +0 rapier (weapon)
Armour
 b - a +0 leather armour (worn)
 c - a +0 helmet (worn)
Scrolls
 j - a scroll of teleportation
Potions
 f - a potion of invisibility {unknown}
 g - a potion of curing
 h - a potion of magic
 i - a potion of berserk rage
 k - a potion of resistance {unknown}


   Skills:
 - Level 4.0 Fighting
 - Level 2.6 Short Blades
 - Level 1.7 Throwing
 - Level 2.6 Dodging
 + Level 1.1 Stealth


You had 2 spell levels left.
You didn't know any spells.
Your spell library contained the following spells:

 Spells                   Type           Power      Damage    Failure   Level
 Magic Dart               Conj           0%         1d3       45%         1
 Call Imp                 Summ           0%         N/A       58%         2
 Searing Ray              Conj           0%         2d4       58%         2
 Mephitic Cloud           Conj/Pois/Air  0%         N/A       83%         3
 Fulminant Prism          Conj/Hex       0%         3d5       99%         4


Dungeon Overview and Level Annotations

Branches:
Dungeon (2/15)

Altars:


Innate Abilities, Weirdness & Mutations

Your demonic aura sometimes causes spilled blood to erupt in flames.
Your touch may inflict minor irresistible damage on your foes.


Message History

You kill the gnoll!
The gnoll barely misses you.
Your Stealth skill increases to level 1!
The gnoll closely misses you.
Items here: ( ))) †††.
You closely miss the gnoll. Your touch misses the gnoll.
The gnoll hits you with a +0 spear.
The quokka bites you but does no damage.
You barely miss the gnoll. The gnoll hits you with a +0 spear!
The quokka bites you.
* * * LOW HITPOINT WARNING * * *
The gnoll hits you with a +0 spear.
* * * LOW HITPOINT WARNING * * *
Throw: 2 throwing nets
Press: ? - help, Q - select action Shift-Dir - straight line, f - quokka
Aim: a quokka (46% to hit)
You throw a throwing net.
The throwing net closely misses the quokka.
The quokka closely misses you.
Throw: throwing net
Press: ? - help, Q - select action Shift-Dir - straight line, f - gnoll, p - quokka
Aim: a gnoll, wielding a +0 spear (61% to hit)
You throw a throwing net.
The throwing net closely misses the gnoll.
The gnoll hits you with a +0 spear.
* * * LOW HITPOINT WARNING * * *
The quokka misses you.
You feel better. The gnoll hits you with a +0 spear. The quokka misses you.
The quokka attacks as you move away! The quokka barely misses you.
The gnoll hits you with a +0 spear.
* * * LOW HITPOINT WARNING * * *
The gnoll hits you from afar with a +0 spear.
* * * LOW HITPOINT WARNING * * *
The quokka bites you.
* * * LOW HITPOINT WARNING * * *
The quokka attacks as you move away!
The quokka bites you but does no damage.
There is a stone staircase leading up here.
The quokka bites you.
You die...

!...(#.............# #
#.#.#..^......##..#
#......###........#
###.#### #.....##.#
#######)### ###...##..
..........# #...#....
###.......######...#.##.#
#....(................#
.......#†..gr@..........#
###.....................#
#.......######...#.....
........## #...######
.###...... #...# #.#.##.
#...# ...#. . #...# # ..
.. .# ..


You could see a gnoll and a quokka.

Vanquished Creatures
  3 gnolls
  A worm (D:2)
  2 ball pythons (D:1)
  4 endoplasms
  3 goblins
  2 hobgoblins (D:1)
  4 jackals (D:1)
  3 quokkas
  2 bats (D:1)
  A frilled lizard (D:2)
  2 kobolds (D:1)
27 creatures vanquished.

Notes
Turn   | Place    | Note
-------+----------+-------------------------------------------
     0 | D:1      | Newt the Demonspawn Gladiator began the quest for the Orb.
     0 | D:1      | Reached XP level 1. HP: 16/16 MP: 1/1
   119 | D:1      | Reached skill level 3 in Fighting
   119 | D:1      | Gained mutation: Your touch may inflict minor irresistible
                  | damage on your foes. [demonic ancestry]
   119 | D:1      | Reached XP level 2. HP: 10/24 MP: 2/2
   259 | D:1      | Found a faded altar of an unknown god.
   634 | D:1      | Gained mutation: Your demonic aura sometimes causes spilled
                  | blood to erupt in flames. [demonic ancestry]
   634 | D:1      | Reached XP level 3. HP: 29/29 MP: 3/3
   991 | D:2      | Reached skill level 4 in Fighting
   997 | D:2      | Reached skill level 1 in Stealth
  1004 | D:2      | HP: 1/30 [quokka (3)]
  1009 | D:2      | Slain by a quokka

Illustrated notes

Levels and vault maps discovered:
D:1:      lemuel_arrival_river_ford, layout_basic,
          dreamdust_ecumenical_altar_statues, columned_hall_lemuel,
          minmay_small_reverse_x
D:2:      layout_loops_cross

Skill      XL: |  1  2  3 |
---------------+----------+-----
Fighting       | 3 4 |  4.0
Stealth        | 1 |  1.1
Short Blades   | |  2.6
Throwing       | |  1.7
Dodging        | |  2.6

Action                     || total
---------------------------++-------
  Melee: Rapier            ||    80
         Touch             ||     8
  Throw: Throwing net      ||     4
         Javelin           ||     1
    Use: Scroll            ||     3
         Potion            ||     2
   Stab: Sleeping          ||     1
 Armour: Leather armour    ||    26
  Dodge: Dodged            ||    66

Table legend: (Time is in decaauts)
 A = Elapsed time spent in this place.
 B = Non-inter-level travel time spent in this place.
 C = Inter-level travel time spent in this place.
 D = Time resting spent in this place.
 E = Time spent auto-exploring this place.
 F = Levels seen in this place.
 G = Mean time per level.
                   A        B        C        D        E       F      G
               +--------+--------+--------+--------+--------+-----+--------+
         Total |   1017 |   1006 |     11 |    248 |    551 |   2 |  508.5 |
       Dungeon |   1017 |   1006 |     11 |    248 |    551 |   2 |  508.5 |
               +--------+--------+--------+--------+--------+-----+--------+

Top non-repeatable levels by time:
     D:1: 910 daAuts
     D:2: 106 daAuts
